 Dungeon Crawl Stone Soup version 0.30-a0-618-gd6c86c23d0 (webtiles) character file.

Game seed: 3474024589540027635

1241 bmack86 the Trooper (level 8, -2/73 HPs)
             Began as a Minotaur Fighter on Jan 10, 2023.
             Slain by an orc warrior
             ... wielding a +0 dire flail
              (4 damage)
             ... on level 6 of the Dungeon.
             The game lasted 00:10:58 (4333 turns).

bmack86 the Trooper (Minotaur Fighter)              Turns: 4333, Time: 00:10:59

Health: -2/73      AC: 15    Str: 23    XL:     8   Next: 25%
Magic:  7/7        EV:  6    Int:  5    God:
Gold:   303        SH:  5    Dex: 10    Spells: 7/7 levels left

rFire   + . .      SeeInvis .    a - +1 war axe
rCold   + . .      Faith    .    c - +0 buckler
rNeg    . . .      Spirit   .    p - +0 plate armour
rPois   .          Reflect  .    (helmet restricted)
rElec   .          Harm     .    r - +0 cloak
rCorr   .          Rampage  .    f - +0 pair of gloves
Will    .....                    (no boots) Stlth
                                 (no amulet)
HPRegen 0.32/turn                x - ring "Umeulauf" {rF+ rC+}
MPRegen 0.10/turn                (no ring)

@: no status effects
A: horns 2, retaliatory headbutt
a: no special abilities


You were on level 6 of the Dungeon.
You visited 1 branch of the dungeon, and saw 6 of its levels.

You collected 303 gold pieces.

Inventory:

Hand Weapons
 a - a +1 war axe (weapon)
Missiles
 l - 9 poisoned darts (quivered)
Armour
 c - a +0 buckler (worn)
 f - a +0 pair of gloves (worn)
 p - a +0 plate armour (worn)
 r - a +0 cloak (worn)
Jewellery
 x - the ring "Umeulauf" (left hand) {rF+ rC+}
   (You found it on level 6 of the Dungeon)

   [ring of protection from cold]

   rF:        It protects you from fire.
   rC:        It protects you from cold.
Wands
 t - a wand of paralysis (7)
Scrolls
 b - 2 scrolls of vulnerability {unknown}
 g - a scroll of fog {unknown}
 k - a scroll of blinking {unknown}
 o - 2 scrolls of teleportation
 w - a scroll of amnesia
Potions
 d - 2 potions of might
 e - 2 potions of attraction
 h - 2 potions of degeneration
 i - a potion of resistance
 j - 4 potions of curing
 m - a potion of invisibility
 n - a potion of flight {unknown}
 q - a potion of cancellation {unknown}
 s - a potion of heal wounds {unknown}
 u - a potion of magic {unknown}
 v - a potion of ambrosia {unknown}


   Skills:
 * Level 7.4 Fighting
 * Level 6.9 Axes
 + Level 3.1 Throwing
 + Level 5.7 Armour
 + Level 5.8 Shields


You had 7 spell levels left.
You didn't know any spells.
Your spell library contained the following spells:

 Spells                   Type           Power      Damage    Failure   Level
 Foxfire                  Conj/Fire      0%         2x1d4     100%        1
 Fireball                 Conj/Fire      0%         3d3       100%        5
 Starburst                Conj/Fire      0%         6d3       100%        6


Dungeon Overview and Level Annotations

Branches:
Dungeon (6/15)
 Temple: D:4-7

Altars:
Dithmenos
Elyvilon
Hepliaklqana
Kikubaaqudgha
Makhleb
Sif Muna
Uskayaw
Vehumet
Wu Jian
Zin


Innate Abilities, Weirdness & Mutations

You have a pair of horns on your head.
You reflexively headbutt those who attack you in melee.


Message History

You block the orc's attack. You block the orc warrior's attack.
Items here: ( )) [.
You closely miss the orc. You closely miss the orc warrior.
The orc barely misses you.
The orc warrior hits you with a +0 dire flail!
You slash the orc!
You kill the orc!
You barely miss the orc warrior.
An orc comes into view. It is wielding a +1 dagger of venom.
The orc warrior hits you with a +0 dire flail.
The orc warrior attacks as you move away!
The orc warrior hits you with a +0 dire flail.
The orc completely misses you. You furiously retaliate!
You headbutt the orc, but do no damage.
You see here a +0 falchion.
The orc warrior attacks as you move away!
The orc warrior hits you with a +0 dire flail!
* * * LOW HITPOINT WARNING * * *
An orc comes into view. It is wielding a +0 hand axe.
The orc shouts!
You barely miss the orc. You closely miss the orc warrior.
The orc hits you but does no damage.
You are poisoned.
The orc warrior barely misses you.
You slash the orc!
You kill the orc!
You hit the orc warrior but do no damage.
You slash the orc!
You kill the orc!
* * * LOW HITPOINT WARNING * * *
You feel very sick. You block the orc warrior's attack.
You feel better.
The orc warrior hits you with a +0 dire flail!
* * * LOW HITPOINT WARNING * * *
You block the orc warrior's attack.
You slash the orc warrior!
The orc warrior is severely wounded.
The orc warrior hits you with a +0 dire flail.
You die...

######## ### # #......#
..# .# #......# #.# ..#
#......# ..#.##...##
#......# #.#........
#......# #.#)######.
#......#### #.#)o#
#......##.# #.).@# .
.......##.###.##.# ##...
#####+#.....#.##.#......
#.###.#.#........#
#.......#.####...# ##
######.#.#........#
.###<.[.#.#..........#
.....##.#.#.....#.#....
.###.##.#............#.#


You could see an orc warrior.

Vanquished Creatures
  A water moccasin (D:5)
  A black bear (D:5)
  An ice beast (D:5)
  2 ogres
  A necrophage (D:6)
  2 scorpions (D:5)
  2 howler monkeys (D:5)
  2 jellies
  3 hounds (D:5)
  5 iguanas
  7 gnolls
  6 adders
  A shadow imp (D:6)
  2 ufetubi
  5 worms
  5 dart slugs
  7 orcs
  7 ball pythons
  6 endoplasms
  2 giant cockroaches (D:2)
  7 goblins
  9 hobgoblins
  2 jackals (D:5)
  6 quokkas
  6 bats
  3 frilled lizards (D:2)
  5 kobolds
  8 rats
114 creatures vanquished.

Vanquished Creatures (others)
  20 plants
20 creatures vanquished.

Grand Total: 134 creatures vanquished

Notes
Turn   | Place    | Note
-------+----------+-------------------------------------------
     0 | D:1      | bmack86 the Minotaur Fighter began the quest for the Orb.
     0 | D:1      | Reached XP level 1. HP: 19/19 MP: 0/0
    79 | D:1      | Reached XP level 2. HP: 22/27 MP: 1/1
    80 | D:1      | Reached skill level 4 in Fighting
   496 | D:2      | Reached XP level 3. HP: 14/33 MP: 2/2
   941 | D:2      | Reached XP level 4. HP: 14/41 MP: 3/3
  1745 | D:3      | Reached XP level 5. HP: 47/47 MP: 4/4
  1845 | D:3      | Found a hazy altar of Hepliaklqana.
  1878 | D:3      | Found a radiant altar of Vehumet.
  1893 | D:3      | Found a hide-covered altar of Uskayaw.
  1901 | D:3      | Reached skill level 5 in Fighting
  2264 | D:4      | Reached skill level 1 in Throwing
  2370 | D:4      | Found a burning altar of Makhleb.
  2378 | D:4      | Reached XP level 6. HP: 56/56 MP: 5/5
  2395 | D:4      | Found a white marble altar of Elyvilon.
  2605 | D:4      | Reached skill level 5 in Axes
  2902 | D:5      | Entered Level 5 of the Dungeon
  3022 | D:5      | Found a shadowy altar of Dithmenos.
  3215 | D:5      | Reached skill level 6 in Fighting
  3215 | D:5      | Reached skill level 5 in Shields
  3215 | D:5      | Reached XP level 7. HP: 61/63 MP: 6/6
  3386 | D:5      | Reached skill level 5 in Armour
  3457 | D:5      | Found an ornate altar of the Wu Jian Council.
  3539 | D:5      | Found a glowing silver altar of Zin.
  3541 | D:5      | Found an ancient bone altar of Kikubaaqudgha.
  3719 | D:5      | Found a shimmering blue altar of Sif Muna.
  3740 | D:5      | Reached skill level 7 in Fighting
  3740 | D:5      | Reached XP level 8. HP: 48/73 MP: 7/7
  3987 | D:6      | Found the +7 captain's cutlass {speed, disarm}
  4203 | D:6      | Identified the ring "Umeulauf" {rF+ rC+}
  4331 | D:6      | HP: 1/73 [orc warrior/+0 dire flail (14)]
  4333 | D:6      | Slain by an orc warrior

Illustrated notes

Levels and vault maps discovered:
D:1:      wander_arrival_estate, layout_rooms
D:2:      layout_loops_ring, minmay_hexomino_c4
D:3:      layout_loops_cross, eat_drink_and_be_merry_uskayaw,
          nicolae_vehumet_altar_sigil, nicolae_hepliaklqana_hazy_memory,
          skrybe_limestone_x, eino_tiny_chamber
D:4:      layout_cave_pools, elyvilon_altar_5, bloody_makhleb, hex_tiny,
          kennysheep_generic_room_4
D:5:      layout_gridville, nicolae_overflow_crystal_walls,
          mainiacjoe_overflow_small_starburst, nicolae_overflow_hidden_temple,
          serial_bayou_lake_a
D:6:      layout_basic

Skill      XL: |  1  2  3  4  5  6  7  8 |
---------------+-------------------------+-----
Fighting       | 4 5 6 7 |  7.4
Axes           | 3 4 5 6 |  6.9
Armour         | 4 5 |  5.7
Shields        | 4 5 |  5.8
Throwing       | 1 2 3 |  3.1

Action                   |  1- 3 |  4- 6 |  7- 9 || total
-------------------------+-------+-------+-------++-------
Melee: War axe           |    71 |   137 |    81 ||   289
       Headbutt          |     8 |    28 |    17 ||    53
Throw: Dart              |       |       |     5 ||     5
  Use: Scroll            |       |    12 |       ||    12
       Potion            |       |       |     1 ||     1
Armor: Scale mail        |    50 |    40 |       ||    90
       Plate armour      |       |    28 |    34 ||    62
Dodge: Dodged            |    40 |    59 |    21 ||   120
Block: Buckler           |    15 |    25 |    16 ||    56

Table legend: (Time is in decaauts)
 A = Elapsed time spent in this place.
 B = Non-inter-level travel time spent in this place.
 C = Inter-level travel time spent in this place.
 D = Time resting spent in this place.
 E = Time spent auto-exploring this place.
 F = Levels seen in this place.
 G = Mean time per level.
                   A        B        C        D        E       F      G
               +--------+--------+--------+--------+--------+-----+--------+
         Total |   4444 |   4275 |    169 |    287 |   2444 |   6 |  740.7 |
       Dungeon |   4444 |   4275 |    169 |    287 |   2444 |   6 |  740.7 |
               +--------+--------+--------+--------+--------+-----+--------+

Top non-repeatable levels by time:
     D:5: 1039 daAuts
     D:2: 951 daAuts
     D:3: 825 daAuts
     D:4: 689 daAuts
     D:1: 492 daAuts
     D:6: 445 daAuts
